 Dungeon Crawl Stone Soup version 0.23.2-30-g0e89c35649 (webtiles) character file.

Game seed: 15174300692489206

25 sankara the Skirmisher (level 3, 6/31 HPs)
             Began as a Ghoul Fighter on June 20, 2019.
             Quit the game on level 2 of the Dungeon.
             The game lasted 00:03:45 (698 turns).

sankara the Skirmisher (Ghoul Fighter)               Turns: 698, Time: 00:03:45

Health: 6/31       AC:  6    Str: 19    XL:     3   Next: 6%
Magic:  2/2        EV:  7    Int:  4    God:
Gold:   54         SH:  8    Dex:  8    Spells: 2/2 levels left

rFire    . . .     SeeInvis .   a - +0 flail
rCold    + . .     Gourm    .   c - +0 shield
rNeg     + + +     Faith    .   b - +0 scale mail
rPois    ∞         Spirit   .   (no helmet)
rElec    .         Reflect  .   (no cloak)
rCorr    .         Harm     .   (no gloves)
MR       .....                  (no boots)
Stlth    ..........             (no amulet)
HPRegen  0.10/turn              (no ring)
MPRegen  0.08/turn              (no ring)

@: rotting
A: rotting body, claws 1, carnivore, cold resistance 1, negative energy
resistance 3, inhibited regeneration, torment resistance, unbreathing
a: no special abilities


You were on level 2 of the Dungeon.
You were not hungry.

You visited 1 branch of the dungeon, and saw 2 of its levels.

You collected 54 gold pieces.

Inventory:

Hand Weapons
 a - a +0 flail (weapon)
Missiles
 e - 25 stones (quivered)
Armour
 b - a +0 scale mail (worn)
 c - a +0 shield (worn)
Scrolls
 h - a scroll of enchant weapon {unknown}
 i - a scroll of fog {unknown}
 j - a scroll of noise {unknown}
Potions
 d - a potion of might
 g - a potion of cancellation {unknown}
 k - 2 potions of degeneration {unknown}
Comestibles
 f - 3 rations
 l - 5 chunks of flesh {@w0}


   Skills:
 + Level 3.6 Fighting
 + Level 2.1 Maces & Flails
 + Level 3.0 Armour
 + Level 3.0 Shields


You had 2 spell levels left.
You didn't know any spells.
Your spell library was empty.

Dungeon Overview and Level Annotations

Branches:
Dungeon (2/15)

Altars:


Innate Abilities, Weirdness & Mutations

Your body is rotting away.
You thrive on raw meat.
You are immune to poison.
You have sharp fingernails.
You are carnivorous and can eat meat at any time.
Your flesh is cold resistant. (rC+)
You are immune to negative energy. (rN+++)
You do not regenerate when monsters are visible.
You are immune to unholy pain and torment.
You can survive without breathing.


Message History

The kobold throws a stone.
The stone barely misses you.
A kobold comes into view. It is wielding a +0 dagger.
A leopard gecko comes into view.
The leopard gecko hisses angrily.
The kobold shouts!
The kobold throws a stone.
You block the stone.
You see here a stone.
You barely miss the kobold. You block the kobold's attack.
The kobold hits you but does no damage.
You miss the kobold. You block the leopard gecko's attack.
The kobold barely misses you.
Your shield and scale mail prevent you from hitting the kobold.
The leopard gecko completely misses you.
The kobold hits you but does no damage. x2
The leopard gecko bites you but does no damage.
The kobold closely misses you.
You closely miss the kobold. The kobold hits you but does no damage.
You block the leopard gecko's attack. The kobold closely misses you.
The kobold hits you with a +1 dagger of freezing.
The leopard gecko bites you.
You hit the kobold.
You kill the kobold!
Your Armour skill increases to level 3!
You block the kobold's attack. You block the leopard gecko's attack.
The kobold hits you with a +0 dagger.
The leopard gecko bites you but does no damage.
You block the kobold's attack. You block the leopard gecko's attack.
Things that are here:
a +1 dagger of freezing; a kobold corpse You closely miss the kobold.
You block the leopard gecko's attack. The kobold hits you but does no damage.
You barely miss the kobold. You block the leopard gecko's attack.
The kobold hits you with a +0 dagger.
* * * LOW HITPOINT WARNING * * *
You block the leopard gecko's attack.
You closely miss the kobold. You block the kobold's attack.
The leopard gecko barely misses you. You block the kobold's attack.
You barely miss the kobold. The leopard gecko bites you.
* * * LOW HITPOINT WARNING * * *
You block the kobold's attack. The leopard gecko barely misses you.
The leopard gecko barely misses you. The kobold hits you with a +0 dagger.
* * * LOW HITPOINT WARNING * * *
The leopard gecko closely misses you.
You see here a stone.
Eat one of 2 chunks of flesh {@w0}? (ye/n/q)
You eat one of the 2 chunks of flesh {@w0}.
This raw flesh tastes great!
The leopard gecko barely misses you. The kobold barely misses you.
Eat a chunk of flesh {@w0}? (ye/n/q)
You eat the chunk of flesh {@w0}.
This raw flesh tastes great!
The leopard gecko barely misses you. The kobold hits you but does no damage.
The leopard gecko bites you.
* * * LOW HITPOINT WARNING * * *
You see here a stone.
You see here a stone.
You block the leopard gecko's attack. The leopard gecko closely misses you.
You see here a quokka skeleton.
You closely miss the leopard gecko. You block the leopard gecko's attack.
The leopard gecko barely misses you.
You miss the leopard gecko. The leopard gecko barely misses you.
The leopard gecko bites you but does no damage.
You barely miss the leopard gecko. The leopard gecko bites you.
* * * LOW HITPOINT WARNING * * *
You miss the leopard gecko. The leopard gecko barely misses you. x2
You hit the leopard gecko but do no damage.
The leopard gecko bites you.
* * * LOW HITPOINT WARNING * * *
You sock the leopard gecko!
You kill the leopard gecko!
You have reached level 3!
Your experience leads to an increase in your attributes!
Increase (S)trength, (I)ntelligence, or (D)exterity?
You feel clever.
You hit the kobold.
The kobold is heavily wounded.
You block the kobold's attack.
You miss the kobold.
The kobold is heavily wounded.
The kobold hits you but does no damage. x2
You thump the kobold!
You kill the kobold!
Things that are here:
a +0 dagger; a leopard gecko corpse You butcher the leopard gecko corpse.
l - 2 chunks of flesh {@w0}
Things that are here:
a +0 dagger; a leopard gecko skeleton You see here a quokka skeleton.
There isn't anything to butcher here.
Things that are here:
a +0 dagger; a leopard gecko skeleton
e - 23 stones (gained 1)
e - 24 stones (gained 1)
e - 25 stones (gained 1)
Things that are here:
a +1 dagger of freezing; a kobold corpse You butcher the kobold corpse.
l - 5 chunks of flesh {@w0} (gained 3)
Things that are here:
a +1 dagger of freezing; a kobold skeleton Are you sure you want to abandon this character and quit the game? (Confirm with "yes".)

#....## ##.. ##.
####..#######..
....
##..÷)..##.#
....
######.##.#.....
#...<#.....
##..#.......
##..........
####.....##.###
#.[...@.....#
#........##..#
#........# ..
#.......... .
#.........#.
#.......^## #
#.#####.## #. ..


There were no monsters in sight!

Vanquished Creatures
  An adder (D:2)
  A dart slug (D:1)
  A leopard gecko (D:2)
  A quokka (D:2)
  A ball python (D:1)
  A bat (D:1)
  A frilled lizard (D:1)
  A goblin (D:1)
  5 kobolds
  A rat (D:1)
14 creatures vanquished.

Notes
Turn   | Place    | Note
-------+----------+-------------------------------------------
     0 | D:1      | sankara the Ghoul Fighter began the quest for the Orb.
     0 | D:1      | Reached XP level 1. HP: 19/19 MP: 0/0
   267 | D:1      | Reached XP level 2. HP: 22/26 MP: 1/1
   287 | D:1      | Reached skill level 2 in Maces & Flails
   628 | D:2      | Reached skill level 3 in Shields
   654 | D:2      | Reached skill level 3 in Armour
   657 | D:2      | HP: 4/26 [kobold/+0 dagger (4)]
   660 | D:2      | HP: 1/26 [kobold/+0 dagger (2)]
   673 | D:2      | HP: 5/26 [leopard gecko (1)]
   676 | D:2      | Reached XP level 3. HP: 4/31 MP: 2/2
   698 | D:2      | Quit the game

Skill      XL: |  1  2 |
---------------+-------+-----
Maces & Flails | 2 |  2.1
Shields        | 3 |  3.0
Armour         | 3 |  3.0
Fighting       | |  3.6

Action                   || total
-------------------------++-------
Melee: Flail             ||    81
  Eat: Chunk             ||     4
Armor: Scale mail        ||    61
Dodge: Dodged            ||    41
Block: Shield            ||    62

Levels and vault maps discovered:
D:1:      onia_arrival_mini_maze, layout_rooms, minmay_misc_feat_nine_boxes
D:2:      layout_rooms, first_ration

Table legend:
 A = Turns spent in this place as a percentage of turns spent in the entire game.
 B = Non-inter-level travel turns spent in this place as a percentage of non-inter-level travel turns spent in the entire game.
 C = Inter-level travel turns spent in this place as a percentage of turns spent in this place.
 D = Turns resting spent in this place as a percentage of non-inter-level travel turns spent in this place.
 E = Turns spent auto-exploring this place as a percentage of non-inter-level travel turns spent in this place.
 F = Non-inter-level travel turns spent in this place divided by the number of levels of this place that you've seen.
                   A       B       C       D       E      F
               +-------+-------+-------+-------+-------+----------------------
         Total | 100.0 | 100.0 |   5.9 |   0.0 |  74.4 | 328.5
       Dungeon | 100.0 | 100.0 |   5.9 |   0.0 |  74.4 | 328.5
               +-------+-------+-------+-------+-------+----------------------

Table legend:
 A = Kills in this place as a percentage of kills in entire the game.
 B = Kills by you in this place as a percentage of kills by you in the entire game.
 C = Kills by friends in this place as a percentage of kills by friends in the entire game.
 D = Other kills in this place as a percentage of other kills in the entire game.
 E = Experience gained in this place as a percentage of experience gained in the entire game.
 F = Experience gained in this place divided by the number of levels of this place that you have seen.
                   A       B       C       D       E      F
               +-------+-------+-------+-------+-------+----------------------
         Total | 100.0 | 100.0 |   N/A |   N/A | 100.0 |  18.5
       Dungeon | 100.0 | 100.0 |   N/A |   N/A | 100.0 |  18.5
               +-------+-------+-------+-------+-------+----------------------
